 Dungeon Crawl Stone Soup version 0.24-a0-201-gf205589 (console) character file.

Game seed: 8530377948118802494

21 bli the Ducker (level 2, -1/26 HPs)
             Began as a Draconian Fighter on Mar 24, 2019.
             Slain by a worm (12 damage)
             ... on level 2 of the Dungeon.
             The game lasted 00:02:52 (661 turns).

bli the Ducker (Draconian Fighter)                   Turns: 661, Time: 00:02:53

Health: -1/26      AC:  4    Str: 18    XL:     2   Next: 65%
Magic:  2/2        EV: 10    Int:  8    God:
Gold:   92         SH:  8    Dex: 10    Spells: 1/1 levels left

rFire    . . .     SeeInvis .   a - +0 long sword
rCold    . . .     Gourm    .   b - +0 shield
rNeg     . . .     Faith    +   (armour unavailable)
rPois    .         Spirit   .   (helmet restricted)
rElec    .         Reflect  .   (no cloak)
rCorr    .         Harm     .   (no gloves)
MR       .....                  (no boots)
Stlth    +.........             j - amulet of faith
HPRegen  0.08/turn              (no ring)
MPRegen  0.08/turn              (no ring)

@: no status effects
A: unfitting armour, cold-blooded, AC +4
a: no special abilities


You were on level 2 of the Dungeon.
You were not hungry.

You visited 1 branch of the dungeon, and saw 2 of its levels.

You collected 92 gold pieces.

Inventory:

Hand Weapons
 a - a +0 long sword (weapon)
Missiles
 i - 17 stones (quivered)
Armour
 b - a +0 shield (worn)
Jewellery
 j - an amulet of faith (around neck)
Scrolls
 e - 2 scrolls of identify {unknown}
 k - a scroll of teleportation {unknown}
Potions
 c - a potion of might
 f - a potion of ambrosia {unknown}
 h - 2 potions of cancellation {unknown}
 l - a potion of curing {unknown}
Comestibles
 d - 4 rations
 g - a chunk of flesh


   Skills:
 - Level 3.2 Fighting
 * Level 2.3 Long Blades
 * Level 3.4 Dodging
 - Level 3.0 Shields


You had one spell level left.
You didn't know any spells.
Your spell library was empty.

Dungeon Overview and Level Annotations

Branches:
Dungeon (2/15)

Altars:


Innate Abilities, Weirdness & Mutations

Your plain brown scales are hard. (AC +4)
You cannot fit into any form of body armour.
You are cold-blooded and may be slowed by cold attacks.


Message History

You hit the worm.
The worm is moderately wounded.
You hit the worm.
The worm is heavily wounded.
The worm bites you!
You hit the worm.
The worm is heavily wounded.
You block the worm's attack.
Things that are here:
2 stones; a +0 club You see here a stone.
i - 18 stones (gained 1) Throwing (i - inventory)
i - 18 stones (quivered)
Press: ? - help, Shift-Dir - straight line, f/p - worm
Aim: a worm (moderately wounded)
You throw a stone. The stone barely misses the worm.
You hit the worm.
The worm is moderately wounded.
The worm bites you!
You die...

##### #... ####.##
#((...# #(##..#
#(##..# #.##.@#
#(###w# #.###.##
#+## #......#
#...#
####...####.....
#..รท..).#......
#..............
.......(..........
####.....##.......
##....# #......
###.## #(....


You could see a worm.

Vanquished Creatures
  5 bats (D:1)
  A giant cockroach (D:1)
  4 goblins
  4 hobgoblins
  A kobold (D:1)
  2 frilled lizards
  2 rats (D:1)
19 creatures vanquished.

Notes
Turn   | Place    | Note
-------+----------+-------------------------------------------
     0 | D:1      | bli the Draconian Fighter began the quest for the Orb.
     0 | D:1      | Reached XP level 1. HP: 19/19 MP: 1/1
   158 | D:1      | Reached XP level 2. HP: 21/26 MP: 2/2
   661 | D:2      | Slain by a worm

Levels and vault maps discovered:
D:1:      lemuel_arrival_muddy, layout_rooms, minmay_small_reverse_x
D:2:      layout_loops_corners, kennysheep_slug_shrine

Skill      XL: |  1 |
---------------+----+-----
Dodging        | 3 |  3.4
Fighting       | |  3.2
Long Blades    | |  2.3
Shields        | |  3.0

Action                   || total
-------------------------++-------
Melee: Long sword        ||    53
       Tailslap          ||     5
Throw: Stone             ||    10
Armor: Skin              ||    17
Dodge: Dodged            ||    20
Block: Shield            ||    23
       Rpst.: Long sword ||     7

Table legend:
 A = Non-vault XP
 B = Vault XP
 C = Vault XP percentage of total XP
 D = Non-vault monster count
 E = Vault monster count
 F = Vault count percentage of total count
                 A         B        C        D         E       F
            +---------+---------+-------+---------+---------+-------
      Total |      23 |       8 |  25.8 |      15 |       4 |  21.1
            +---------+---------+-------+---------+---------+-------
        D:1 |      19 |       8 |  29.6 |      12 |       4 |  25.0
        D:2 |       4 |       0 |   0.0 |       3 |       0 |   0.0
            +---------+---------+-------+---------+---------+-------
